 Dungeon Crawl Stone Soup version 0.26.0-16-gc1dbca0489 (webtiles) character file.

Game seed: 3160742937299171173

623 thiole the Sneak (level 7, -2/41 HPs)
             Began as an Octopode Hedge Wizard on Jan 21, 2021.
             Slain by Duvessa
             ... wielding a +1 short sword of electrocution
              (19 damage)
             ... on level 4 of the Dungeon.
             The game lasted 00:14:39 (7175 turns).

thiole the Sneak (Octopode Hedge Wizard)            Turns: 7175, Time: 00:14:40

Health: -2/41      AC:  1    Str: 10    XL:     7   Next: 46%
Magic:  10/13      EV: 17    Int: 18    God:
Gold:   366        SH:  5    Dex: 11    Spells: 7/15 levels left

rFire    . . .     SeeInvis .   j - staff of cold
rCold    + . .     Faith    .   (no shield)
rNeg     . . .     Spirit   .   b - +0 hat
rPois    .         Reflect  +   v - amulet of reflection
rElec    .         Harm     .   i - +4 ring of evasion
rCorr    +         Rampage  .   w - ring of resist corrosion
Will     .....                  (no ring)
Stlth    ++++......             (no ring)
HPRegen  0.13/turn              (no ring)
MPRegen  0.13/turn              (no ring)
                                (no ring)
                                (no ring)

@: no status effects
A: almost no armour, stealthy swim, amphibious, 8 rings, constrict 8, camouflage
1, gelatinous body 1
a: no special abilities


You were on level 4 of the Dungeon.
You visited 2 branches of the dungeon, and saw 6 of its levels.

You collected 366 gold pieces.

Inventory:

Hand Weapons
 a - a +0 dagger
 g - a +1 hand axe of freezing
 k - a +0 dagger of venom
Armour
 b - a +0 hat (worn)
Magical Staves
 j - an uncursed staff of cold (weapon)
 u - an uncursed staff of death
Jewellery
 i - a +4 ring of evasion (left tentacle)
 v - an amulet of reflection (around mantle)
 w - a ring of resist corrosion (right tentacle)
Scrolls
 c - 7 scrolls of remove curse
 d - a scroll of enchant weapon
 e - 3 scrolls of fear
 l - 2 scrolls of immolation
 m - 3 scrolls of teleportation
 r - a scroll of magic mapping {unknown}
 x - a scroll of amnesia {unknown}
 y - a scroll of identify
Potions
 f - 2 potions of flight
 h - 3 potions of lignification
 n - 3 potions of curing
 o - 4 potions of heal wounds
 p - a potion of mutation
 q - 2 potions of attraction
 s - a potion of haste
 t - 2 potions of berserk rage


   Skills:
 - Level 2.0 Dodging
 + Level 5.9 Stealth
 + Level 4.5 Spellcasting
 - Level 2.0 Conjurations
 - Level 2.0 Hexes
 - Level 2.0 Summonings
 - Level 1.0 Translocations
 * Level 4.3 Air Magic


You had 7 spell levels left.
You knew the following spells:

 Your Spells              Type           Power        Failure   Level
a - Magic Dart            Conj           44%          6%          1
b - Call Imp              Summ           11%          10%         2
c - Slow                  Hex            11%          10%         2
d - Mephitic Cloud        Conj/Pois/Air  11%          19%         3

Your spell library contained the following spells:

 Spells                   Type           Power        Failure   Level
 Blink                    Tloc           N/A          14%         2
 Conjure Flame            Conj/Fire      7%           28%         3


Dungeon Overview and Level Annotations

Branches:
Dungeon (5/15)             Temple (1/1) D:4

Altars:
Cheibriados
Dithmenos
Elyvilon
Fedhas
Kikubaaqudgha
Nemelex Xobeh
Okawaru
Qazlal
Ru
Sif Muna
Trog
Uskayaw
Vehumet
Wu Jian
Xom
Zin
The Shining One

Shops:
D:5 }

Annotations:
D:4 Dowan, Duvessa


Innate Abilities, Weirdness & Mutations

You cannot wear most types of armour.
You are very stealthy in the water. (Stealth+)
You are amphibious.
You can wear up to eight rings at the same time.
You can use your tentacles to constrict eight enemies at once.
Your skin changes colour to match your surroundings (Stealth+).
Your rubbery body absorbs attacks. (AC +1, EV +1)


Message History

Dowan seems less confused.
Your iron imp hits Duvessa but does no damage.
You hit Duvessa but do no damage.
Duvessa is almost dead.
You constrict Duvessa, but do no damage.
Your iron imp disappears in a puff of smoke!
Dowan hits you with a +0 dagger.
Duvessa drinks a potion.
Duvessa is healed!
You block Dowan's attack.
You hit Duvessa but do no damage.
Duvessa is lightly wounded.
You constrict Duvessa.
Duvessa hits you with a +1 short sword of electrocution.
You are electrocuted!
Dowan closely misses you.
Duvessa struggles to escape constriction.
You hit Duvessa.
Duvessa is moderately wounded.
You constrict Duvessa. Dowan barely misses you.
Duvessa hits you with a +1 short sword of electrocution.
You are electrocuted!!
You die...

...# #.#....#
...#####...##.#
..........###.# ..........#
#.# ...####..####.## ....#
#........##
....###.###.....##
....#...##...§...##
....P.P.#......e@.#######
#.###.###.....§§e.......#
#.P#...#P.........#####.##
#....>...........#####...###
#.P#...#P##............#...#
#.###.######...#######...#.#
#.#.P.P.# ##### ##.##.#
#.#.#.#.# #.##.#
)...#...##### #.##.#


You could see Duvessa (confused) and Dowan.

Vanquished Creatures
  2 hounds (D:4)
  An orc priest (D:5)
  A bullfrog skeleton (D:5)
  2 worker ants (D:4)
  2 orc wizards (D:5)
  9 adders
  2 shadow imps (D:5)
  An ooze (D:4)
  A worm (D:2)
  4 dart slugs
  3 leopard geckos
  5 orcs
  5 bats
  7 giant cockroaches
  3 goblins
  9 hobgoblins
  6 jackals
  9 kobolds
  2 quokkas
  A ball python (D:2)
  5 frilled lizards
  A jackal skeleton (D:2)
  10 rats
91 creatures vanquished.

Vanquished Creatures (collateral kills)
  A sky beast (D:5)
  2 ogres
  2 jellies (D:4)
  A hound (D:5)
  A bullfrog skeleton (D:4)
  A worker ant (D:4)
  A worm (D:4)
  An orc (D:5)
  A goblin (D:5)
  A quokka zombie (D:5)
12 creatures vanquished.

Vanquished Creatures (others)
  A plant (D:3)
1 creature vanquished.

Grand Total: 104 creatures vanquished

Notes
Turn   | Place    | Note
-------+----------+-------------------------------------------
     0 | D:1      | thiole the Octopode Hedge Wizard began the quest for the
                  | Orb.
     0 | D:1      | Reached XP level 1. HP: 11/11 MP: 4/4
   427 | D:1      | Reached XP level 2. HP: 17/17 MP: 0/6
   500 | D:1      | Learned a level 2 spell: Call Imp
   503 | D:1      | Learned a level 2 spell: Slow
   758 | D:1      | Reached skill level 3 in Stealth
  1103 | D:1      | Reached XP level 3. HP: 21/21 MP: 0/7
  2295 | D:2      | Reached XP level 4. HP: 23/27 MP: 7/9
  2354 | D:2      | You fall into a shaft and drop 1 floor!
  2491 | D:3      | Learned a level 3 spell: Mephitic Cloud
  2527 | D:3      | Found a glowing golden altar of the Shining One.
  2750 | D:2      | Found a blossoming altar of Fedhas.
  2827 | D:2      | Found a hide-covered altar of Uskayaw.
  3084 | D:2      | Reached skill level 4 in Stealth
  3084 | D:2      | Reached skill level 1 in Air Magic
  3406 | D:2      | Found a bloodstained altar of Trog.
  3794 | D:3      | Reached skill level 1 in Hexes
  3794 | D:3      | Reached XP level 5. HP: 31/31 MP: 7/10
  4925 | D:4      | Reached XP level 6. HP: 25/36 MP: 6/11
  5021 | D:4      | Found a sparkling altar of Nemelex Xobeh.
  5511 | D:4      | Reached skill level 5 in Stealth
  5707 | D:4      | Found a staircase to the Ecumenical Temple.
  5715 | Temple   | Entered the Ecumenical Temple
  5996 | D:4      | Found a radiant altar of Vehumet.
  6100 | D:4      | Noticed Duvessa
  6100 | D:4      | Noticed Dowan
  6141 | D:5      | Entered Level 5 of the Dungeon
  6141 | D:5      | Noticed a sky beast
  6179 | D:5      | Found Wyfekeaf's Gadget Shoppe.
  6361 | D:5      | Reached XP level 7. HP: 35/41 MP: 10/13
  6372 | D:5      | Found a shimmering altar of Xom.
  6916 | D:5      | Found an iron altar of Okawaru.
  7175 | D:4      | Slain by Duvessa

Illustrated notes

Levels and vault maps discovered:
D:1:      dpeg_arrival_concentric_ovals, layout_basic
D:2:      layout_basic, lightli_temple_of_fire, eat_drink_and_be_merry_uskayaw,
          fedhas_altar_4
D:3:      layout_basic, tso_oasis_becter
D:4:      layout_loops_ring, nemelex_xobeh_ov_fountains_minmay,
          old_standard_altar, minmay_temple_entry_gardened_gates,
          kennysheep_nub, uniq_duvessa
D:5:      layout_rooms, okawaru_metal_pillars_3, serial_shops,
          nicolae_shop_stone, tgw_xom
Temple:   compressed_dpeg_circular_temple

Skill      XL: |  1  2  3  4  5  6  7 |
---------------+----------------------+-----
Stealth        | 3 4 5 |  5.9
Summonings     | 2 |  2.0
Conjurations   | 2 |  2.0
Air Magic      | 1 2 3 4 |  4.3
Hexes          | 1 2 |  2.0
Spellcasting   | 4 |  4.5
Dodging        | |  2.0
Translocations | |  1.0

Action                   |  1- 3 |  4- 6 |  7- 9 || total
-------------------------+-------+-------+-------++-------
Melee: Dagger            |    47 |       |       ||    47
       Constrict         |    16 |    18 |    11 ||    45
       Tentacles         |     7 |    15 |     6 ||    28
       Staff             |     4 |    74 |    41 ||   119
 Cast: Magic Dart        |    58 |   111 |    16 ||   185
       Call Imp          |       |    17 |    11 ||    28
       Mephitic Cloud    |       |       |     3 ||     3
       Slow              |       |       |     1 ||     1
  Use: Scroll            |     1 |    13 |       ||    14
 Stab: Sleeping          |       |     3 |       ||     3
Armor: Skin              |     7 |     1 |     1 ||     9
Dodge: Dodged            |    30 |    49 |    25 ||   104
Block: Other             |       |     3 |     7 ||    10
